 Dungeon Crawl Stone Soup version 0.23-a0-402-g64599a1 (webtiles) character file.

40716 Amnesiac the Nimble (level 14, -4/111 HPs)
             Began as a Formicid Earth Elementalist on Nov 4, 2018.
             Was the Champion of Cheibriados.
             Engulfed by a cloud of freezing vapour (32 damage)
             ... on level 14 of the Dungeon on Nov 6, 2018.
             The game lasted 01:01:37 (19119 turns).

Amnesiac the Nimble (Formicid Earth Elementalist)  Turns: 19119, Time: 01:01:37

Health: -4/111     AC: 11    Str: 30    XL:     14   Next: 46%
Magic:  3/23       EV: 26    Int: 32    God:    Cheibriados [******]
Gold:   47         SH: 12    Dex: 37    Spells: 2/25 levels left

rFire    + + +     SeeInvis +   a - +1 dagger (freeze)
rCold    + . .     Gourm    .   O - +2 buckler {reflect}
rNeg     . . .     Faith    .   T - +3 ring mail of Bite {rF++ Stlth+}
rPois    .         Spirit   .   (helmet unavailable)
rElec    +         Reflect  +   o - +1 cloak
rCorr    .         Harm     .   m - +0 pair of gloves
MR       ++...                  (no boots)
Stlth    ++++++....             k - amulet of the Falcon {Reflect rElec Dex+4 SH+2}
HPRegen  0.28/turn              b - ring "Ruryonto" {rF+ Str+2 Dex+4 Slay+5}
MPRegen  0.18/turn              H - ring "Qaisyussoan" {rC+ MR+ Slay+4}

@: very slow
A: permanent stasis, dig shafts and tunnels, four strong arms, antennae 3
a: Dig, Shaft Self, Bend Time, Temporal Distortion, Slouch, Step From Time,
Renounce Religion


You were on level 14 of the Dungeon.
You worshipped Cheibriados.
Cheibriados was exalted by your worship.
You were not hungry.

You visited 3 branches of the dungeon, and saw 17 of its levels.
You also visited: Sewer and Volcano.

You collected 2199 gold pieces.
You spent 2152 gold pieces at shops.

Inventory:

Hand Weapons
 a - a +1 dagger of freezing (weapon)
Missiles
 M - 141 stones (quivered)
 P - 3 throwing nets
Armour
 m - a +0 pair of gloves (worn)
 o - a +1 cloak (worn)
 O - a +2 buckler of reflection (worn)
 T - the +3 ring mail of Bite (worn) {rF++ Stlth+}
   (You found it on level 12 of the Dungeon)

   It greatly protects you from fire.
   It makes you more stealthy.
Magical Staves
 D - an uncursed staff of conjuration
Jewellery
 b - the ring "Ruryonto" (left hand) {rF+ Str+2 Dex+4 Slay+5}
   (You bought it in a shop on level 10 of the Dungeon)

   [ring of protection from fire]

   It affects your strength (+2).
   It affects your dexterity (+4).
   It affects your accuracy and damage with ranged weapons and melee attacks
   (+5).
   It protects you from fire.
 h - an uncursed ring of fire
 k - the amulet of the Falcon (around neck) {Reflect rElec Dex+4 SH+2}
   (You bought it in a shop on level 10 of the Dungeon)

   [amulet of reflection]

   It shields you and reflects attacks.
   It affects your dexterity (+4).
   It insulates you from electricity.
   It affects your SH (+2).
 x - a +3 ring of protection {unknown}
 H - the ring "Qaisyussoan" (right hand) {rC+ MR+ Slay+4}
   (You found it on level 8 of the Dungeon)

   [ring of slaying]

   It affects your accuracy and damage with ranged weapons and melee attacks
   (+4).
   It protects you from cold.
   It affects your resistance to hostile enchantments.
 I - an uncursed ring of ice
 L - the ring "Fuapy" {*Slow Dex+6 SInv}
   (You took it off a crimson imp on level 8 of the Dungeon)

   [ring of see invisible]

   It affects your dexterity (+6).
   It lets you see invisible.
   It may slow you when you take damage.
 U - an uncursed amulet of guardian spirit
Wands
 g - a wand of polymorph (5)
 j - a wand of acid (15)
 B - a wand of flame (52)
 C - a wand of enslavement (9)
 G - a wand of paralysis (19)
 R - a wand of digging (4)
Scrolls
 i - a scroll of magic mapping {!r}
 n - 2 scrolls of summoning {!r}
 w - 2 scrolls of enchant armour {!r}
 y - 6 scrolls of enchant weapon {!r}
 z - 2 scrolls of holy word {!r}
 A - 2 scrolls of amnesia {!r}
 E - 2 scrolls of fear {!r}
 N - a scroll of torment {!r}
Potions
 e - 4 potions of flight {!q}
 f - a potion of magic {!q}
 l - 5 potions of heal wounds {!q}
 p - a potion of brilliance {!q}
 q - 2 potions of might {!q}
 r - 8 potions of curing {!q}
 s - 3 potions of mutation {!q}
 u - a potion of agility {!q}
 v - a potion of lignification {!q}
 K - 2 potions of cancellation {!q}
 X - 2 potions of resistance {!q}
Miscellaneous
 c - 2 boxes of beasts
 Q - a lightning rod (4/4)
 S - a phantom mirror
Comestibles
 d - 33 rations
 t - 3 chunks of flesh


   Skills:
 - Level 10.6 Fighting
 - Level 10.0 Short Blades
 + Level 11.7 Dodging
 + Level 9.7 Stealth
 - Level 2.5 Shields
 * Level 6.1 Spellcasting
 + Level 0.2 Hexes
 - Level 5.5 Transmutations
 - Level 10.0 Earth Magic
 - Level 7.5 Invocations
 - Level 5.0 Evocations


You had 2 spell levels left.
You knew the following spells:

 Your Spells              Type           Power        Failure   Level  Hunger
a - Sandblast             Erth           ######       1%          1    None
b - Passwall              Tmut/Erth      ######..     1%          2    None
c - Borgnjor's Vile Clut  Necr/Erth      #####.....   24%         5    #####..
d - Lee's Rapid Deconstr  Erth           ######....   3%          5    #####..
e - Petrify               Tmut/Erth      ######..     2%          4    ##.....
f - Invisibility          Hex            ##......     100%        6    ######.

Your spell library contained the following spells:

 Spells                   Type           Power        Failure   Level  Hunger
 Infusion                 Chrm           #...         7%          1    None
 Poisonous Vapours        Pois/Air       #.....       10%         2    None
 Song of Slaying          Chrm           #.......     10%         2    None
 Stone Arrow              Conj/Erth      #####.       2%          3    None
 Yara's Violent Unravell  Hex/Tmut       ####......   50%         5    #####..
 Cause Fear               Hex            ##........   52%         4    ##.....
 Silence                  Hex/Air        ##........   87%         5    #####..
 Deflect Missiles         Chrm/Air       #.........   100%        6    ######.
 Freezing Cloud           Conj/Ice/Air   #.........   100%        6    ######.
 Discord                  Hex            ##........   100%        8    #######


Dungeon Overview and Level Annotations

Branches:
Dungeon (14/15)            Temple (1/1) D:4            Lair (0/6) D:10
    Orc (2/2) D:11            Elf (0/3) Orc:2        Vaults (0/5) D:13

Altars:
Ashenzari
Cheibriados
Dithmenos
Elyvilon
Fedhas
Gozag
Hepliaklqana
Kikubaaqudgha
Makhleb
Nemelex Xobeh
Okawaru
Qazlal
Ru
Sif Muna
Trog
Uskayaw
Vehumet
Wu Jian
Xom
Yredelemnul
Zin
The Shining One
Beogh

Shops:
D:5 ?   D:8 !   D:10 =(![   D:13 }   Orc:2 !(}(

Annotations:
D:4 2 transporters, Thaneod's ghost, amateur DEEE
D:6 1 runed door
D:9 3 runed doors, Garbasso's ghost, novice TrMo


Innate Abilities, Weirdness & Mutations

You cannot be hasted, slowed, berserked, paralysed or teleported.
You can dig through walls and to a lower floor.
Your four strong arms can wield two-handed weapons with a shield.
You have a pair of large antennae on your head. (SInv)


Message History

The seven-headed hydra misses you. x2; The seven-headed hydra bites you!
* * * LOW HITPOINT WARNING * * *
You block the seven-headed hydra's attack.
The seven-headed hydra barely misses you.
The seven-headed hydra bites you!
* * * LOW HITPOINT WARNING * * *
The seven-headed hydra closely misses you.
You hear a shout!
You hear a horrible gurgling sound! x2
The seven-headed hydra stops moving altogether!
The wolf spider simulacrum misses you.
The wolf spider simulacrum closely misses you.
The wolf spider simulacrum barely misses you.
You block the wolf spider simulacrum's attack.
Evoke which item? (* to show all) (? for menu, Esc to quit)
Aiming: Enslavement
Press: ? - help, Shift-Dir - straight line, p - seven-headed hydra The wolf spider simulacrum struggles to resist.
You block the howler monkey's attack.
You block the wolf spider simulacrum's attack.
The wolf spider simulacrum completely misses you.
The howler monkey completely misses you.
Unknown command.
Evoke which item? (* to show all) (? for menu, Esc to quit)
Aiming: Corrosive Bolt
Press: ? - help, Shift-Dir - straight line The bolt of acid hits the wolf spider simulacrum.
The wolf spider simulacrum is splashed with acid.
The wolf spider simulacrum is heavily damaged.
The bolt of acid hits the seven-headed hydra.
The seven-headed hydra is splashed with acid.
The acid corrodes the seven-headed hydra!
The seven-headed hydra is lightly wounded.
You block the wolf spider simulacrum's attack.
The wolf spider simulacrum barely misses you.
The howler monkey hoots and howls with incredible vigour!
The wolf spider simulacrum completely misses you.
The wolf spider simulacrum bites you but does no damage.
You hear a horrible gurgling sound! x2
Unknown command.
Evoke which item? (* to show all) (? for menu, Esc to quit)
You don't have any such object.
Evoke which item? (* to show all) (? for menu, Esc to quit)
Okay, then.
Evoke which item? (* to show all) (? for menu, Esc to quit)
You don't have any such object.
Evoke which item? (* to show all) (? for menu, Esc to quit)
Okay, then.
Evoke which item? (* to show all) (? for menu, Esc to quit)
Aiming: Corrosive Bolt
Press: ? - help, Shift-Dir - straight line The bolt of acid hits the wolf spider simulacrum.
The wolf spider simulacrum is splashed with acid.
The acid corrodes the wolf spider simulacrum!
The wolf spider simulacrum vapourises!
Cheibriados thoroughly appreciates the change of pace.
The bolt of acid hits the seven-headed hydra.
The seven-headed hydra is splashed with acid.
The acid corrodes the seven-headed hydra!
The seven-headed hydra is moderately wounded.
The howler monkey hits you but does no damage.
Unknown command.
Really walk into that cloud of freezing vapour?
You are engulfed in freezing vapours.
You resist.
You die...

###############
#.............#
#.............#
#.............#
#......)......#.
+...............
#.....†.......#
#....hD.......##
#....@..<.......
###########.####
{ # { { { {{


You could see a seven-headed hydra (petrified) and a howler monkey.

Vanquished Creatures
  A red draconian (Volcano)
  Azrael (Orc:2)
  Josephine (Orc:2)
  5 ogre magi
  Harold (D:11)
  A hydra (D:11)
  A centaur warrior (D:12)
  6 two-headed ogres
  2 orc high priests (Orc:1)
  Urug (D:13)
  2 unseen horrors
  2 wizards (D:11)
  An orc knight (Orc:1)
  4 ugly things
  3 deep elf magi
  8 orc sorcerers
  Maurice (D:9)
  2 manticores
  Joseph (D:8)
  3 trolls
  2 hornets (D:8)
  A wolf spider simulacrum (D:14)
  3 slime creatures (D:13)
  5 hippogriffs
  5 wraiths
  7 yaks
  A wyvern (D:12)
  5 wargs
  A steam dragon (D:12)
  Menkaure (D:7)
  3 hungry ghosts
  The ghost of feelmyfire the Insei, an amateur OpTm (D:3)
  2 soldier ants (D:8)
  5 hell hounds (Orc:2)
  2 porcupines (D:10)
  A water moccasin (D:9)
  Duvessa (D:7)
  A hornet zombie (D:12)
  20 orc warriors
  3 ice beasts
  2 black bears (D:10)
  12 ogres
  5 phantoms
  13 centaurs
  2 crocodiles
  3 big kobolds
  8 bullfrogs
  Dowan (D:7)
  2 scorpions
  4 troll zombies (D:11)
  12 killer bees
  4 wights (D:12)
  2 howler monkeys
  6 crimson imps
  2 jellies
  2 quasits
  10 hounds
  10 orc priests
  54 orc wizards
  Crazy Yiuf (D:7)
  2 centaur zombies
  A centaur skeleton (D:6)
  5 iguanas
  Jessica (D:2)
  9 worker ants
  Natasha (thrice) (D:2)
  4 ogre zombies (D:11)
  A hound skeleton (D:8)
  A worker ant zombie (D:5)
  A howler monkey skeleton (D:9)
  16 adders
  2 river rats (Sewer)
  4 shadow imps
  2 oozes (D:3)
  4 worms
  A dart slug (D:1)
  5 leopard geckos
  75 orcs
  3 ball pythons
  5 giant cockroaches
  4 hobgoblins
  14 jackals
  3 quokkas
  5 bats
  4 frilled lizards
  9 goblins
  A goblin skeleton (D:11)
  2 goblin zombies (D:11)
  2 hobgoblin skeletons
  2 hobgoblin zombies (D:11)
  18 kobolds
  3 orc skeletons (D:11)
  15 orc zombies (D:11)
  A quokka skeleton (D:8)
  A quokka zombie (D:5)
  13 rats
514 creatures vanquished.

Vanquished Creatures (collateral kills)
  An orc warrior (D:13)
  2 orcs (D:13)
3 creatures vanquished.

Vanquished Creatures (others)
  A cyclops (D:12)
  A centaur (D:13)
  An orc wizard (Orc:2)
  An orc (D:12)
  5 plants (D:9)
9 creatures vanquished.

Grand Total: 526 creatures vanquished

Notes
Turn   | Place    | Note
-------+----------+-------------------------------------------
     0 | D:1      | Amnesiac the Formicid Earth Elementalist began the quest
                  | for the Orb.
     0 | D:1      | Reached XP level 1. HP: 13/13 MP: 3/3
    66 | D:2      | Found a radiant altar of Vehumet.
    66 | D:2      | Found a blossoming altar of Fedhas.
   219 | D:2      | Noticed Jessica
   229 | D:2      | Killed Jessica
   229 | D:2      | Reached XP level 2. HP: 19/19 MP: 2/5
   229 | D:2      | Reached XP level 3. HP: 24/24 MP: 2/7
   282 | D:2      | Learned a level 2 spell: Passwall
   283 | D:3      | Found a transporter.
   353 | D:3      | Noticed feelmyfire's ghost (amateur OpTm)
   356 | D:3      | Noticed a bullfrog
   411 | D:4      | Found a transporter.
   411 | D:4      | Noticed Thaneod's ghost (amateur DEEE)
   413 | D:4      | Noticed a wyvern
   436 | D:4      | Reached skill level 5 in Earth Magic
   436 | D:4      | Reached XP level 4. HP: 17/30 MP: 0/8
   446 | D:4      | Learned a level 4 spell: Petrify
   493 | D:4      | Found a staircase to the Ecumenical Temple.
   504 | Temple   | Entered the Ecumenical Temple
   857 | Temple   | Became a worshipper of Cheibriados the Contemplative
  2369 | D:2      | Reached * piety under Cheibriados
  2560 | D:2      | Noticed Natasha
  2566 | D:2      | Killed Natasha
  2566 | D:2      | Reached XP level 5. HP: 35/35 MP: 7/10
  2617 | D:2      | Found a shattered altar of Ashenzari.
  2937 | D:2      | Found a faded altar of an unknown god.
  2969 | D:2      | Reached ** piety under Cheibriados
  3130 | D:2      | Noticed Natasha
  3135 | D:2      | Killed Natasha
  3135 | D:2      | Reached XP level 6. HP: 17/41 MP: 7/11
  3222 | D:2      | Noticed Natasha
  3224 | D:2      | Killed Natasha
  3472 | D:3      | Found a sacrificial altar of Ru.
  3961 | D:3      | Reached *** piety under Cheibriados
  3998 | D:3      | Found a transporter.
  4164 | D:3      | Reached XP level 7. HP: 44/46 MP: 11/13
  4198 | D:3      | Killed feelmyfire's ghost
  4239 | D:4      | Found a transporter.
  4462 | D:4      | Reached XP level 8. HP: 35/52 MP: 1/15
  4482 | D:4      | Reached skill level 5 in Spellcasting
  5085 | D:5      | Entered Level 5 of the Dungeon
  5123 | D:5      | Found Qaokenav's Magic Scroll Emporium.
  5132 | D:5      | Bought a scroll of magic mapping for 42 gold pieces
  5132 | D:5      | Bought a scroll of remove curse for 36 gold pieces
  5132 | D:5      | Bought a scroll of enchant weapon for 90 gold pieces
  5132 | D:5      | Bought a scroll of holy word for 90 gold pieces
  5195 | D:5      | Reached skill level 1 in Short Blades
  5517 | D:5      | Learned a level 5 spell: Lee's Rapid Deconstruction
  5522 | D:5      | Found a shadowy altar of Dithmenos.
  5826 | D:5      | Reached **** piety under Cheibriados
  6426 | D:6      | Found a runed door.
  6426 | D:6      | Found a glowing golden altar of the Shining One.
  6426 | D:6      | Noticed an angel
  6486 | D:6      | Reached skill level 10 in Earth Magic
  6501 | D:6      | Found a glowing drain.
  6521 | Sewer    | Entered a sewer
  6526 | Sewer    | Reached XP level 9. HP: 57/57 MP: 17/17
  6614 | Sewer    | Found a glowing silver altar of Zin.
  7163 | D:6      | Reached ***** piety under Cheibriados
  7365 | D:7      | Noticed Duvessa
  7371 | D:7      | Noticed Dowan
  7373 | D:7      | Killed Duvessa
  7373 | D:7      | Reached skill level 5 in Short Blades
  7380 | D:7      | Killed Dowan
  7758 | D:7      | Noticed Menkaure
  7762 | D:7      | Killed Menkaure
  8344 | D:7      | Found a runed door.
  8599 | D:7      | Noticed Crazy Yiuf
  8602 | D:7      | Killed Crazy Yiuf
  8754 | D:8      | Got a crude amber ring
  8755 | D:8      | Identified the ring "Qaisyussoan" {rC+ MR+ Slay+4} (You
                  | found it on level 8 of the Dungeon)
  8834 | D:8      | Reached skill level 2 in Dodging
  8834 | D:8      | Reached XP level 10. HP: 64/64 MP: 16/19
  8855 | D:8      | You fall through a shaft!
  8870 | D:9      | Reached skill level 1 in Fighting
  8925 | D:9      | Noticed Maurice
  8931 | D:9      | Killed Maurice
  8931 | D:9      | Reached skill level 3 in Dodging
  8931 | D:9      | Reached skill level 5 in Stealth
  9390 | D:9      | Found an iron altar of Okawaru.
  9683 | D:9      | Reached skill level 4 in Dodging
 10002 | D:9      | Found a runed gate.
 10002 | D:9      | Found a runed gate.
 10002 | D:9      | Found a runed gate.
 10003 | D:9      | Noticed a ten-headed hydra
 10003 | D:9      | Noticed Garbasso's ghost (novice TrMo)
 10290 | D:8      | Reached skill level 5 in Fighting
 10440 | D:8      | Identified the ring "Fuapy" {*Slow Dex+6 SInv}
 10487 | D:8      | Noticed Joseph
 10493 | D:8      | Killed Joseph
 10499 | D:8      | Reached skill level 5 in Dodging
 10499 | D:8      | Reached XP level 11. HP: 78/80 MP: 12/20
 10550 | D:8      | Found Boczoav's Distillery.
 11380 | D:10     | Entered Level 10 of the Dungeon
 11453 | D:10     | Found a staircase to the Lair.
 11455 | D:10     | Reached skill level 6 in Dodging
 11593 | D:10     | Found Qaba's Distillery.
 11605 | D:10     | Bought a potion of cancellation for 96 gold pieces
 11653 | D:10     | Found Laemu's Jewellery Boutique.
 11693 | D:10     | Reached ****** piety under Cheibriados
 11739 | D:10     | Found Sosch's Antique Weapon Boutique.
 11857 | D:10     | Found Onigew's Antique Armour Shoppe.
 11857 | D:10     | Noticed a two-headed ogre
 11858 | D:10     | Killed a two-headed ogre
 11864 | D:10     | Bought a shiny buckler for 180 gold pieces
 12043 | D:10     | Reached skill level 1 in Shields
 12164 | D:11     | Noticed an eight-headed hydra
 12243 | D:11     | Noticed a manticore
 12251 | D:11     | Reached skill level 7 in Dodging
 12263 | D:11     | Killed a manticore
 12535 | D:11     | Noticed a brown ugly thing
 12644 | D:11     | Noticed Harold
 12646 | D:11     | Reached skill level 1 in Invocations
 12657 | D:11     | You fall through a shaft!
 12658 | D:12     | Noticed a cyclops
 12658 | D:12     | Noticed a centaur warrior
 12658 | D:12     | Noticed a brown ugly thing
 12670 | D:12     | Killed a cyclops
 12670 | D:12     | Reached skill level 1 in Evocations
 12944 | D:12     | Noticed a red ugly thing
 12971 | D:12     | Killed a red ugly thing
 13211 | D:12     | Reached XP level 12. HP: 84/93 MP: 16/21
 13331 | D:12     | Reached skill level 8 in Dodging
 13373 | D:12     | Killed a centaur warrior
 13715 | D:12     | Got an ancient ring mail
 13737 | D:12     | Identified the +3 ring mail of Bite {rF++ Stlth+} (You
                  | found it on level 12 of the Dungeon)
 13965 | D:11     | Identified the Papyrus of Dhcmrlchtdj
 13993 | D:11     | Killed Harold
 14020 | D:11     | Reached skill level 9 in Dodging
 14043 | D:11     | Noticed a wizard
 14043 | D:11     | Noticed a wizard
 14043 | D:11     | Killed a wizard
 14048 | D:11     | Killed a wizard
 14062 | D:11     | Identified the Volume of Plaster Cramp
 14078 | D:11     | Learned a level 5 spell: Borgnjor's Vile Clutch
 14078 | D:11     | Identified Ts'ui Pên's Tome of Forking Paths
 14189 | D:11     | Killed an eight-headed hydra
 14206 | D:11     | Found a staircase to the Orcish Mines.
 14810 | D:12     | Learned a level 6 spell: Invisibility
 14911 | D:12     | Noticed an unseen horror
 14917 | D:12     | Killed an unseen horror
 15129 | Orc:1    | Entered Level 1 of the Orcish Mines
 15171 | Orc:1    | Reached XP level 13. HP: 102/102 MP: 18/22
 15198 | Orc:1    | Reached skill level 10 in Dodging
 15198 | Orc:1    | Reached skill level 5 in Invocations
 15209 | Orc:1    | Reached skill level 5 in Evocations
 15272 | Orc:1    | Found a dark tunnel.
 15280 | Volcano  | Entered a volcano
 15460 | Volcano  | Noticed an ogre mage
 15464 | Volcano  | Reached skill level 10 in Fighting
 15465 | Volcano  | Killed an ogre mage
 15574 | Volcano  | Noticed a red draconian
 15575 | Volcano  | Killed a red draconian
 15679 | Orc:1    | Identified a scroll of acquirement {!r}
 16029 | Orc:1    | Reached skill level 11 in Dodging
 16410 | Orc:2    | Entered Level 2 of the Orcish Mines
 16576 | Orc:2    | Noticed Azrael
 16592 | Orc:2    | Killed Azrael
 17036 | Orc:2    | Found a staircase to the Elven Halls.
 17281 | Orc:2    | Reached skill level 5 in Transmutations
 17378 | Orc:2    | Found Cuschiar's Gadget Shoppe.
 17403 | Orc:2    | Found Deotu's Antique Weapon Emporium.
 17431 | Orc:2    | Found a radiant altar of Vehumet.
 17531 | Orc:2    | Found Wost's Antique Weapon Shoppe.
 17536 | Orc:2    | Noticed an ogre mage
 17541 | Orc:2    | Killed an ogre mage
 17541 | Orc:2    | Reached XP level 14. HP: 111/111 MP: 19/23
 17582 | Orc:2    | Found an ancient bone altar of Kikubaaqudgha.
 17601 | Orc:2    | Noticed Josephine
 17606 | Orc:2    | Killed Josephine
 17789 | Orc:2    | Found a roughly hewn altar of Beogh.
 17897 | Orc:2    | Found Rigin's Distillery.
 17904 | Orc:2    | Bought 2 potions of heal wounds for 150 gold pieces
 18302 | D:10     | Bought the ring "Ruryonto" {rF+ Str+2 Dex+4 Slay+5} for 852
                  | gold pieces
 18305 | D:10     | Bought the amulet of the Falcon {Reflect rElec Dex+4 SH+2}
                  | for 388 gold pieces
 18343 | D:10     | Bought a faintly glowing chain mail for 228 gold pieces
 18353 | D:10     | Identified the cursed +0 chain mail of the Dolphin {rPois
                  | rC+ MP+9} (You bought it in a shop on level 10 of the
                  | Dungeon)
 18747 | D:13     | Found a gate to the Vaults.
 18888 | D:13     | Noticed Urug
 18893 | D:13     | Killed Urug
 18910 | D:13     | Reached skill level 10 in Short Blades
 19054 | D:13     | Found Qaukhlimm's Gadget Emporium.
 19119 | D:14     | Engulfed by a cloud of freezing vapour

Vault maps used:
D:1:      dpeg_arrival_shrine
D:2:      nicolae_ashenzari_panopticon, gammafunk_temple_overflow_wave,
          chequers_ecumenical_altar_simple, first_ration,
          kennysheep_cross_bottleneck, uniq_jessica, uniq_natasha
D:3:      nicolae_ru_sacrificial_ziggurat, gammafunk_ghost_arena
D:4:      minmay_temple_entry_grid, serial_rivers,
          chequers_serial_rivers_micro_b, chequers_serial_rivers_micro_e,
          chequers_serial_rivers_room_a, chequers_serial_rivers_micro_e,
          chequers_serial_rivers_micro_c, chequers_serial_rivers_room_b,
          gammafunk_ghost_arena
D:5:      serial_shops, shop, nicolae_dithmenos_through_a_glass_darkly
D:6:      cheibrodos_sewer_entry_drain, serial_rivers,
          chequers_serial_rivers_marsh, chequers_serial_rivers_micro_a,
          chequers_serial_rivers_room_a, chequers_serial_rivers_small_a,
          chequers_serial_rivers_micro_e, chequers_serial_rivers_large_b,
          lemuel_angel_altar
D:7:      uniq_crazy_yiuf_cottage, uniq_menkaure, uniq_duvessa
D:8:      serial_shops, shop, hangedman_pestilent_swarm, uniq_joseph
D:9:      gammafunk_ghost_hydra_chop, st_stairs_1, okawaru_ov_weapons_minmay,
          uniq_maurice
D:10:     grunt_lair_entry_orc_guard_hut, serial_shops, shop, shop, shop_statue,
          shop_statue
D:11:     zombieorc2_lemuel, bh_hangedman_babel_library, uniq_harold
D:12:     hangedman_decor_riveting
D:13:     david_vaults_2, serial_shops, shop, uniq_urug
D:14:     serial_bayou_pond_c, abandoned_shop
Temple:   hc_temple_tempest_star
Orc:1:    lightli_volcano_entry_magma_tube
Orc:2:    kennysheep_orc_mage_school, uniq_azrael, uniq_josephine
Sewer:    sewer_kobolds
Volcano:  volcano_pools

Skill      XL: |  1  2  3  4  5  6  7  8  9 10 11 12 13 14 |
---------------+-------------------------------------------+-----
Earth Magic    | 4 5 6 7 8 10 | 10.0
Spellcasting   | 3 4 5 6 |  6.1
Stealth        | 3 4 7 8 9 |  9.7
Short Blades   | 2 8 10 | 10.0
Dodging        | 2 5 7 9 11 | 11.7
Fighting       | 5 8 9 10 | 10.6
Shields        | 2 |  2.5
Invocations    | 2 4 7 |  7.5
Evocations     | 2 4 5 |  5.0
Transmutations | 5 |  5.5
Hexes          | |  0.2

Action                   |  1- 3 |  4- 6 |  7- 9 | 10-12 | 13-15 || total
-------------------------+-------+-------+-------+-------+-------++-------
Melee: Unarmed           |    34 |    14 |       |       |       ||    48
       Dagger            |       |   163 |    84 |   270 |    93 ||   610
       Club              |       |    47 |       |       |       ||    47
Throw: Stone             |       |       |     1 |       |       ||     1
 Cast: Sandblast         |     7 |    32 |    97 |    72 |   181 ||   389
       Passwall          |       |     9 |    15 |    17 |    17 ||    58
       Petrify           |       |       |     4 |    77 |    22 ||   103
       Lee's Rapid Decon |       |       |    10 |    45 |    20 ||    75
 Abil: Dig               |       |       |       |     1 |       ||     1
       Shaft Self        |       |       |       |     1 |       ||     1
Evoke: Wand              |       |       |       |     6 |    13 ||    19
  Use: Scroll            |       |     5 |     3 |     4 |     8 ||    20
       Potion            |       |       |     6 |    11 |     1 ||    18
 Stab: Sleeping          |     1 |    16 |    12 |    17 |    23 ||    69
       Petrified         |       |       |     8 |    37 |    10 ||    55
       Petrifying        |       |       |     1 |    31 |     7 ||    39
       Invisible         |       |       |     1 |     2 |       ||     3
       Distracted        |       |       |       |     2 |       ||     2
  Eat: Chunk             |       |     9 |    11 |    26 |    12 ||    58
Armor: Robe              |     4 |    46 |    25 |       |       ||    75
       Ring mail         |       |       |     4 |    66 |    38 ||   108
       Skin              |       |       |       |     9 |       ||     9
Dodge: Dodged            |    27 |   182 |    90 |   265 |   215 ||   779
Block: Buckler           |       |       |       |   110 |   111 ||   221
       Reflection        |       |       |       |    13 |     3 ||    16

Table legend:
 A = Non-vault XP
 B = Vault XP
 C = Vault XP percentage of total XP
 D = Non-vault monster count
 E = Vault monster count
 F = Vault count percentage of total count
                 A         B        C        D         E       F
            +---------+---------+-------+---------+---------+-------
      Total |   30288 |   27879 |  47.9 |     387 |     133 |  25.6
            +---------+---------+-------+---------+---------+-------
        D:1 |      30 |       0 |   0.0 |      16 |       0 |   0.0
        D:2 |     176 |      72 |  29.0 |      27 |       2 |   6.9
        D:3 |     173 |     252 |  59.3 |      21 |       5 |  19.2
        D:4 |     434 |       0 |   0.0 |      13 |       0 |   0.0
        D:5 |     421 |       0 |   0.0 |      20 |       0 |   0.0
        D:6 |     648 |       7 |   1.1 |      21 |       3 |  12.5
        D:7 |     373 |     422 |  53.1 |       8 |       4 |  33.3
        D:8 |    1124 |    1312 |  53.9 |      21 |       5 |  19.2
        D:9 |    2727 |     629 |  18.7 |      38 |       3 |   7.3
       D:10 |    1504 |     626 |  29.4 |      15 |       5 |  25.0
       D:11 |    3346 |    4491 |  57.3 |      25 |      40 |  61.5
       D:12 |    7315 |       1 |   0.0 |      53 |       1 |   1.9
       D:13 |    4600 |    3626 |  44.1 |      26 |       4 |  13.3
       D:14 |     318 |       0 |   0.0 |       2 |       0 |   0.0
      Orc:1 |    5542 |       0 |   0.0 |      48 |       0 |   0.0
      Orc:2 |    1557 |   11315 |  87.9 |      33 |      44 |  57.1
      Sewer |       0 |     138 | 100.0 |       0 |      12 | 100.0
    Volcano |       0 |    4988 | 100.0 |       0 |       5 | 100.0
            +---------+---------+-------+---------+---------+-------
